 Dungeon Crawl Stone Soup version 0.31-a0-355-g57cb03d3e8 (webtiles) character file.

Game seed: 11851548560419180618

13197 gruber the Spear-Bearer (level 12, -1/68 HPs)
             Began as a Gargoyle Earth Elementalist on July 24, 2023.
             Was a Priest of Vehumet.
             Slain by a vampire mosquito (8 damage)
             ... on level 12 of the Dungeon.
             The game lasted 00:19:49 (11572 turns).

gruber the Spear-Bearer (GrEE)                     Turns: 11572, Time: 00:19:49

Health: -1/68      AC: 18    Str: 24    XL:     12   Next: 3%
Magic:  8/21       EV: 11    Int: 21    God:    Vehumet [***...]
Gold:   782        SH:  5    Dex: 10    Spells: 19/23 levels left

rFire   + . .        y - +8 trishula "Condemnation" {holy, anguish, *Noise Fly rN+}
rCold   . . .        r - +0 buckler
rNeg    + + .        D - +1 leather armour {rF+}
rPois   ∞            q - +0 helmet
rElec   +            B - +0 cloak
rCorr   .            H - +0 pair of gloves
SInv    .            M - +0 pair of boots
Will    .....        (no amulet)
Stlth   ++           O - +6 ring of strength
HPRegen 0.31/turn    C - +6 ring of strength
MPRegen 0.17/turn

%: no passive effects
@: flying
A: sickness immunity, AC +8, negative energy resistance 1, electricity
resistance, torment resistance 1, petrification resistance
a: Renounce Religion


You were on level 12 of the Dungeon.
You worshipped Vehumet.
Vehumet was most pleased with you.
You visited 2 branches of the dungeon, and saw 13 of its levels.
You also visited: Bailey.

You collected 782 gold pieces.

Inventory:

Hand Weapons
 t - the +6 hand axe of the Unseen Realm {heavy, rC+ Will+ Dex+5}
   (You found it on level 4 of the Dungeon)

   Dex:       It affects your dexterity (+5).
   rC:        It protects you from cold.
   Will:      It increases your willpower.
 y - the +8 trishula "Condemnation" (weapon) {holy, anguish, *Noise Fly rN+}
   (You found it on level 5 of the Dungeon)

   rN:        It protects you from negative energy.
   Fly:       It grants you flight.
   *Noise:    It may make noises in combat.
Missiles
 p - 5 curare-tipped darts
 w - 3 throwing nets
Armour
 q - a +0 helmet (worn)
 r - a +0 buckler (worn)
 B - a +0 cloak (worn)
 D - a +1 leather armour of fire resistance (worn)
 H - a +0 pair of gloves (worn)
 L - the +8 scale mail "Orghi" {rF+}
   (You took it off a kobold on level 8 of the Dungeon)

   rF:        It protects you from fire.
 M - a +0 pair of boots (worn)
Jewellery
 i - a ring of ice
 C - a +6 ring of strength (right hand)
 I - the ring of Qaruc {*Corrode rElec Will- EV+5 Str+8}
   (You found it on level 7 of the Dungeon)

   [ring of evasion]

   EV:        It affects your evasion (+5).
   Str:       It affects your strength (+8).
   rElec:     It insulates you from electricity.
   *Corrode:  It may corrode you when you take damage.
   Will:      It decreases your willpower.
 O - a +6 ring of strength (left hand)
 W - a +6 ring of intelligence
Wands
 j - a wand of polymorph (2)
 s - a wand of flame (44)
 A - a wand of roots (10)
 K - a wand of mindburst (15)
 P - a wand of digging (9)
 Q - a wand of acid (12)
 T - a wand of paralysis (7)
Scrolls
 a - a scroll of fear {unknown}
 f - 7 scrolls of teleportation {unknown}
 g - 9 scrolls of identify {unknown}
 o - 2 scrolls of revelation {unknown}
 u - a scroll of summoning {unknown}
 v - 2 scrolls of poison {unknown}
 x - 2 scrolls of immolation {unknown}
 z - 3 scrolls of noise {unknown}
 E - a scroll of enchant weapon {unknown}
 G - a scroll of acquirement
 J - a scroll of amnesia {unknown}
 N - a scroll of vulnerability {unknown}
 R - a scroll of fog {unknown}
 U - a scroll of blinking {unknown}
Potions
 b - 3 potions of magic
 c - 7 potions of heal wounds {unknown}
 d - 4 potions of enlightenment {unknown}
 e - 4 potions of might {unknown}
 h - 5 potions of haste {unknown}
 k - a potion of ambrosia {unknown}
 l - 4 potions of invisibility {unknown}
 m - 3 potions of degeneration {unknown}
 n - 6 potions of curing {unknown}
 F - a potion of cancellation {unknown}
 S - a potion of attraction {unknown}
 V - a potion of brilliance {unknown}


   Skills:
 - Level 5.0 Fighting
 * Level 13.3 Polearms
 - Level 5.5 Armour
 - Level 1.5 Dodging
 - Level 2.1 Stealth
 - Level 5.1 Shields
 - Level 6.1 Spellcasting
 - Level 0.7 Transmutations
 - Level 8.0 Earth Magic


You had 19 spell levels left.
You knew the following spells:

 Your Spells              Type           Power      Damage    Failure   Level
a - Sandblast             Erth           80%        2d17      1%          1
b - Stone Arrow           Conj/Erth      46%        3d9       2%          3

Your spell library contained the following spells:

 Spells                   Type           Power      Damage    Failure   Level
 Searing Ray              Conj           12%        2d4       5%          2
 Passwall                 Tmut/Erth      20%        N/A       3%          2
 Ensorcelled Hibernation  Hex/Ice        12%        N/A       19%         2
 Petrify                  Tmut/Erth      24%        N/A       22%         4
 Animate Armour           Summ/Erth      46%        N/A       24%         4
 Iskenderun's Mystic Bla  Conj/Tloc      6%         2d4       30%         4
 Portal Projectile        Hex/Tloc       12%        N/A       36%         3
 Tukima's Dance           Hex            6%         N/A       36%         3
 Vhi's Electric Charge    Tloc/Air       12%        N/A       36%         3
 Arcjolt                  Conj/Air       3%         1d13      63%         5
 Anguish                  Hex/Necr       3%         N/A       77%         4
 Lehudib's Crystal Spear  Conj/Erth      11%        10d4      100%        8
 Maxwell's Capacitive Co  Air            3%         ∞         100%        8


Dungeon Overview and Level Annotations

Branches:
Dungeon (12/15)            Temple (1/1) D:6            Lair (0/5) D:11
    Orc (0/2) D:10         Bailey (visited)

Altars:
Ashenzari
Cheibriados
Dithmenos
Elyvilon
Fedhas
Gozag
Hepliaklqana
Kikubaaqudgha
Makhleb
Nemelex Xobeh
Okawaru
Qazlal
Ru
Sif Muna
Trog
Uskayaw
Vehumet
Wu Jian
Xom
Yredelemnul
Zin
The Shining One

Shops:
D:5 (?

Annotations:
D:7 2 transporters
D:11 3 runed translucent doors, exclusion: 2 oklob plants


Innate Abilities, Weirdness & Mutations

You are immune to sickness and miasma.
Your stone body is resilient. (AC +8)
You are immune to poison.
You resist negative energy. (rN+)
You are resistant to electric shocks. (rElec)
You are resistant to unholy torment.
You are immune to petrification.


Message History

Reach: y) +8 trishula "Condemnation" {holy, anguish, *Noise Fly rN+}
Press: ? - help, Dir - move target, f - vampire mosquito
Aim: a vampire mosquito (about 43% to evade the +8 trishula "Condemnation")
You barely miss the vampire mosquito.
The vampire mosquito buzzes angrily.
The vampire mosquito bites you but does no damage.
Unknown command.
Unknown command.
Reach: y) +8 trishula "Condemnation" {holy, anguish, *Noise Fly rN+}
Press: ? - help, Dir - move target, f/p - vampire mosquito
Aim: a vampire mosquito (about 43% to evade the +8 trishula "Condemnation")
You barely miss the vampire mosquito. The vampire mosquito barely misses you.
Unknown command.
Unknown command.
Reach: y) +8 trishula "Condemnation" {holy, anguish, *Noise Fly rN+}
Press: ? - help, Dir - move target, f/p - vampire mosquito
Aim: a vampire mosquito (about 43% to evade the +8 trishula "Condemnation")
You puncture the vampire mosquito!
The vampire mosquito convulses.
The vampire mosquito is haunted by guilt!
The vampire mosquito is heavily damaged.
The vampire mosquito bites you!
* * * LOW HITPOINT WARNING * * *
The vampire mosquito is wracked by anguish!
The vampire mosquito bites you.
* * * LOW HITPOINT WARNING * * *
The vampire mosquito is wracked by anguish.
Unknown command.
Reach: y) +8 trishula "Condemnation" {holy, anguish, *Noise Fly rN+}
Press: ? - help, Dir - move target, f/p - vampire mosquito
Aim: a vampire mosquito (almost destroyed, anguished, about 43% to evade the +8 trishula "Condemnation")
You puncture the vampire mosquito!
You destroy the vampire mosquito!
Vehumet accepts your kill.
You feel your power returning.
Unknown command.
Reach: y) +8 trishula "Condemnation" {holy, anguish, *Noise Fly rN+}
Press: ? - help, Dir - move target, f - vampire mosquito
Aim: a vampire mosquito (about 43% to evade the +8 trishula "Condemnation")
You barely miss the vampire mosquito. The vampire mosquito bites you!
You die...

...# #...# #..# #.†.# #..#
#...# #..# #...# #..# #>..#
#..# #...# ####..# #...#####
......###############).......
................@y...........
###################.#########
# #.# # #y# # #.# # #y# . ..#
.. ... ### ###


You could see a vampire mosquito.

Vanquished Creatures
  An orc warlord (Bailey)
  3 two-headed ogres
  A tengu warrior (D:12)
  An ugly thing (D:12)
  A cyclops (D:12)
  Joseph (D:9)
  A kobold demonologist (D:9)
  An unseen horror (D:11)
  A gargoyle (D:11)
  A tengu conjurer (D:12)
  A troll (D:10)
  Sigmund (D:6)
  2 wraiths
  Eustachio (D:6)
  5 vampire mosquitoes
  3 water moccasins
  A black bear (D:8)
  An ice beast (D:6)
  3 orc warriors
  2 phantoms
  4 kobold brigands
  2 gnoll sergeants (D:5)
  A bullfrog (D:8)
  5 scorpions
  8 wights (D:8)
  4 killer bees (D:7)
  3 howler monkeys (D:9)
  10 hounds
  6 orc priests
  A gnoll bouda (D:5)
  4 jellies
  2 iguanas (D:4)
  5 orc wizards
  5 adders
  22 gnolls
  A shadow imp (D:6)
  2 ufetubi (D:6)
  4 dart slugs
  A worm (D:3)
  27 orcs
  9 ball pythons
  10 endoplasms
  3 giant cockroaches
  22 goblins
  10 hobgoblins
  8 jackals
  A quokka (D:5)
  5 bats
  4 frilled lizards
  31 kobolds
  A rat (D:1)
253 creatures vanquished.

Vanquished Creatures (others)
  Urug (D:12)
  An orc knight (Bailey)
  An ugly thing (D:12)
  An unseen horror (D:12)
  A troll (D:11)
  A shadow (D:10)
  An acid dragon (D:10)
  A water moccasin (D:7)
  An orc warrior (Bailey)
  An ogre (D:7)
  A wolf (D:5)
  A phantom (D:6)
  2 gnoll sergeants
  A wight (D:8)
  2 killer bees (D:7)
  A gnoll bouda (D:5)
  2 gnolls (D:5)
20 creatures vanquished.

Grand Total: 273 creatures vanquished

Notes
Turn   | Place    | Note
-------+----------+-------------------------------------------
     0 | D:1      | gruber the Gargoyle Earth Elementalist began the quest for
                  | the Orb.
     0 | D:1      | Reached XP level 1. HP: 10/10 MP: 3/3
   231 | D:1      | Reached XP level 2. HP: 15/15 MP: 3/5
   403 | D:1      | Found a faded altar of an unknown god.
   647 | D:1      | Reached skill level 5 in Earth Magic
   647 | D:1      | Reached XP level 3. HP: 9/19 MP: 3/6
  1891 | D:3      | Reached XP level 4. HP: 24/24 MP: 4/7
  2210 | D:3      | Learned a level 3 spell: Stone Arrow
  2237 | D:3      | Reached XP level 5. HP: 23/28 MP: 4/8
  3099 | D:4      | Identified the +6 hand axe of the Unseen Realm {heavy, rC+
                  | Will+ Dex+5}
  3183 | D:4      | Reached XP level 6. HP: 32/32 MP: 6/9
  3791 | D:5      | Entered Level 5 of the Dungeon
  3811 | D:5      | Reached XP level 7. HP: 36/36 MP: 5/10
  3866 | D:5      | Found Xyat Elo's Weapon Shoppe.
  3911 | D:5      | Reached skill level 5 in Shields
  3986 | D:5      | Found the +8 trishula "Condemnation" {holy, anguish, *Noise
                  | Fly rN+}
  3996 | D:5      | Reached skill level 1 in Fighting
  4026 | D:5      | Found Ykeisan's Magic Scroll Boutique.
  4060 | D:5      | Reached skill level 1 in Polearms
  4160 | D:5      | Reached skill level 2 in Polearms
  4283 | D:5      | Reached skill level 3 in Polearms
  4283 | D:5      | Reached XP level 8. HP: 34/43 MP: 9/11
  4349 | D:5      | Reached skill level 4 in Polearms
  4662 | D:5      | Reached skill level 5 in Polearms
  5114 | D:5      | Reached skill level 6 in Polearms
  5300 | D:6      | Noticed Eustachio
  5306 | D:6      | Reached skill level 7 in Polearms
  5306 | D:6      | Reached XP level 9. HP: 47/47 MP: 12/12
  5313 | D:6      | Killed Eustachio
  5619 | D:6      | Found a staircase to the Ecumenical Temple.
  5624 | D:6      | Noticed Sigmund
  5633 | D:6      | Killed Sigmund
  5634 | D:6      | Reached skill level 8 in Polearms
  5641 | Temple   | Entered the Ecumenical Temple
  5653 | Temple   | Became a worshipper of Vehumet
  6039 | D:7      | Reached skill level 9 in Polearms
  6083 | D:7      | Found a flagged portal.
  6092 | Bailey   | Entered a bailey
  6097 | Bailey   | Noticed an orc warlord
  6121 | Bailey   | Reached * piety under Vehumet
  6121 | Bailey   | Offered knowledge of Freeze by Vehumet.
  6146 | Bailey   | Noticed an orc knight
  6208 | Bailey   | Killed an orc knight
  6279 | Bailey   | Reached skill level 10 in Polearms
  6389 | Bailey   | Reached skill level 1 in Armour
  6457 | Bailey   | Found a runed translucent gate.
  6459 | Bailey   | Found a runed translucent gate.
  6461 | Bailey   | Found a runed translucent gate.
  6663 | Bailey   | Killed an orc warlord
  6664 | Bailey   | Reached skill level 5 in Armour
  6664 | Bailey   | Reached XP level 10. HP: 52/52 MP: 0/13
  7077 | D:7      | Found a hide-covered altar of Uskayaw.
  7079 | D:7      | Found a white marble altar of Elyvilon.
  7079 | D:7      | Noticed a two-headed ogre
  7081 | D:7      | Found a transporter.
  7090 | D:7      | Found a transporter.
  7114 | D:7      | Identified the ring of Qaruc {*Corrode rElec Will- EV+5
                  | Str+8}
  7416 | D:8      | Identified the +8 scale mail "Orghi" {rF+}
  7435 | D:8      | Reached skill level 5 in Fighting
  7515 | D:8      | Reached ** piety under Vehumet
  7676 | D:8      | Offered knowledge of Static Discharge by Vehumet.
  8050 | D:9      | Noticed Joseph
  8068 | D:9      | Killed Joseph
  8317 | D:9      | Reached skill level 5 in Spellcasting
  8370 | D:9      | Noticed a kobold demonologist
  8383 | D:9      | Killed a kobold demonologist
  8384 | D:9      | Reached XP level 11. HP: 52/63 MP: 18/20
  8490 | D:9      | Noticed a two-headed ogre
  8497 | D:9      | Killed a two-headed ogre
  8941 | D:10     | Entered Level 10 of the Dungeon
  9044 | D:10     | Found a staircase to the Orcish Mines.
  9142 | D:10     | Offered knowledge of Searing Ray by Vehumet.
  9695 | D:10     | Noticed a two-headed ogre
  9701 | D:10     | Killed a two-headed ogre
  9702 | D:10     | Reached skill level 11 in Polearms
 10436 | D:11     | Noticed a two-headed ogre
 10441 | D:11     | Killed a two-headed ogre
 10466 | D:11     | Noticed an oklob plant
 10466 | D:11     | Noticed an oklob plant
 10468 | D:11     | Found a staircase to the Lair.
 10614 | D:11     | Found a runed translucent gate.
 10614 | D:11     | Found a runed translucent gate.
 10614 | D:11     | Found a runed translucent gate.
 10614 | D:11     | Noticed a white ugly thing
 10615 | D:11     | Noticed a green ugly thing
 10616 | D:11     | Noticed a shining eye
 10616 | D:11     | Noticed a cyan ugly thing
 10616 | D:11     | Noticed a cyan ugly thing
 10616 | D:11     | Noticed a brown ugly thing
 10618 | D:11     | a shining eye changed into an eye of devastation
 10620 | D:11     | an eye of devastation changed into a manticore
 10620 | D:11     | Noticed a manticore (glowing shapeshifter)
 10906 | D:12     | Noticed a tengu warrior
 11069 | D:12     | Reached skill level 12 in Polearms
 11093 | D:12     | Killed a tengu warrior
 11293 | D:12     | Noticed a cyclops
 11301 | D:12     | Killed a cyclops
 11369 | D:12     | Noticed Urug
 11376 | D:12     | Killed Urug
 11376 | D:12     | Reached *** piety under Vehumet
 11412 | D:12     | Noticed a red ugly thing
 11538 | D:12     | Noticed a white ugly thing
 11548 | D:12     | Killed a white ugly thing
 11549 | D:12     | Reached skill level 13 in Polearms
 11555 | D:12     | Killed a purple ugly thing
 11556 | D:12     | Reached XP level 12. HP: 11/68 MP: 1/21
 11572 | D:12     | Slain by a vampire mosquito

Illustrated notes

Levels and vault maps discovered:
D:1:      lightli_arrival_statuegarden, layout_loops_ring,
          nicolae_ecumenical_snake_handling, amcnicky_mini_pool_small
D:2:      layout_basic
D:3:      layout_loops_ring, st_stairs_3, kennysheep_generic_room_11
D:4:      cheibrodos_greedy_goblins, layout_basic, moated_statue
D:5:      layout_cave_pools, serial_shops, nicolae_shop_bloodbath_and_beyond,
          serial_gnoll_camp, gnoll_camp_mini_basic, gnoll_camp_mini_shop,
          gnoll_camp_mini_hut, gnoll_camp_mini_basic, gnoll_camp_mini_loothouse,
          gnoll_camp_medium_01
D:6:      layout_cave_pools, minmay_temple_entry_slanted, uniq_sigmund,
          uniq_eustachio
D:7:      layout_rooms, gammafunk_temple_overflow_arena, enter_bailey_5,
          hex_large
D:8:      layout_rooms
D:9:      layout_cave_pools, minivault_5, uniq_joseph
D:10:     layout_stronghold, david_orc_2
D:11:     layout_basic, dpeg_oklobed_lair,
          ploomutoo_gammafunk_ghost_potion_laboratory
D:12:     layout_long_grid, kb_tengu_band, uniq_urug, uniq_jorgrun
Temple:   nicolae_temple_bog_church

Skill      XL: |  1  2  3  4  5  6  7  8  9 10 11 |
---------------+----------------------------------+-----
Earth Magic    | 4 5 6 7 8 |  8.0
Shields        | 4 5 |  5.1
Fighting       | 1 5 |  5.0
Polearms       | 3 7 10 13 | 13.3
Armour         | 5 |  5.5
Spellcasting   | 6 |  6.1
Dodging        | |  1.5
Stealth        | |  2.1
Transmutations | |  0.7

Action                     |  1- 3 |  4- 6 |  7- 9 | 10-12 || total
---------------------------+-------+-------+-------+-------++-------
  Melee: Unarmed           |    12 |       |       |       ||    12
         Hand axe          |       |    38 |       |       ||    38
         Trishula          |       |       |   173 |   273 ||   446
  Throw: Dart              |       |       |     3 |       ||     3
   Cast: Sandblast         |    50 |    58 |    65 |     3 ||   176
         Stone Arrow       |       |     1 |     8 |    22 ||    31
   Stab: Sleeping          |       |     4 |       |       ||     4
         Distracted        |       |       |     1 |       ||     1
 Armour: Robe              |    16 |    21 |    27 |       ||    64
         Leather armour    |       |       |    25 |   126 ||   151
  Dodge: Dodged            |    25 |    56 |    86 |    85 ||   252
  Block: Buckler           |       |     9 |    33 |    41 ||    83

Table legend: (Time is in decaauts)
 A = Elapsed time spent in this place.
 B = Non-inter-level travel time spent in this place.
 C = Inter-level travel time spent in this place.
 D = Time resting spent in this place.
 E = Time spent auto-exploring this place.
 F = Levels seen in this place.
 G = Mean time per level.
                   A        B        C        D        E       F      G
               +--------+--------+--------+--------+--------+-----+--------+
         Total |  11627 |  11147 |    480 |    360 |   8980 |  14 |  830.5 |
       Dungeon |  10874 |  10403 |    471 |    360 |   8524 |  12 |  906.2 |
        Temple |     21 |     12 |      9 |      0 |      1 |   1 |   21.0 |
        Bailey |    731 |    731 |      0 |      0 |    455 |   1 |  731.0 |
               +--------+--------+--------+--------+--------+-----+--------+

Top non-repeatable levels by time:
     D:5: 1416 daAuts
    D:10: 1288 daAuts
     D:3: 1158 daAuts
     D:2: 1016 daAuts
     D:4: 868 daAuts
     D:1: 836 daAuts
     D:6: 794 daAuts
    D:11: 791 daAuts
     D:9: 770 daAuts
     D:8: 754 daAuts
  Bailey: 731 daAuts
     D:7: 658 daAuts
    D:12: 520 daAuts
  Temple: 21 daAuts
